 Dungeon Crawl Stone Soup version 0.25-a0-1133-g93ebf739aa (webtiles) character file.

Game seed: 9600686825523242735, levelgen mode: deterministic

15271 gruber the Eclecticist (level 11, -9/54 HPs)
             Began as a Deep Elf Fire Elementalist on May 21, 2020.
             Was an Elder of Vehumet.
             Killed from afar by a gargoyle (19 damage)
             ... with a stone arrow
             ... on level 11 of the Dungeon.
             The game lasted 00:22:45 (15370 turns).

gruber the Eclecticist (DEFE)                      Turns: 15370, Time: 00:22:47

Health: -9/54      AC:  5    Str:  5    XL:     11   Next: 99%
Magic:  10/32      EV: 13    Int: 24    God:    Vehumet [****..]
Gold:   503        SH:  0    Dex: 15    Spells: 21/40 levels left

rFire    . . .     SeeInvis .   (no weapon)
rCold    + . .     Gourm    .   (no shield)
rNeg     . . .     Faith    .   O - +2 robe {rC+}
rPois    +         Spirit   .   (no helmet)
rElec    .         Reflect  .   (no cloak)
rCorr    .         Harm     .   n - +0 pair of gloves
MR       +....                  (no boots)
Stlth    +++.......             (no amulet)
HPRegen  0.18/turn              K - ring of poison resistance
MPRegen  0.23/turn              E - ring of stealth (curse)

@: no status effects
A: no striking features
a: Renounce Religion


You were on level 11 of the Dungeon.
You worshipped Vehumet.
Vehumet was greatly pleased with you.
You were not hungry.

You visited 2 branches of the dungeon, and saw 12 of its levels.

You collected 611 gold pieces.
You spent 108 gold pieces at shops.

Inventory:

Missiles
 d - 3 curare-tipped darts (quivered)
 r - 16 atropa-tipped darts
Armour
 n - a +0 pair of gloves (worn)
 G - +0 steam dragon scales
 O - a +2 robe of cold resistance (worn)
Jewellery
 a - an uncursed ring of flight
 E - a cursed ring of stealth (right hand)
 H - an uncursed ring of resist corrosion
 K - a ring of poison resistance (left hand)
Wands
 z - a wand of polymorph (7)
 C - a wand of acid (18)
 I - a wand of flame (22)
 J - a wand of paralysis (8)
Scrolls
 b - 8 scrolls of teleportation {unknown}
 f - 2 scrolls of noise {unknown}
 h - 10 scrolls of remove curse
 l - 3 scrolls of identify
 o - a scroll of blinking {unknown}
 p - a scroll of immolation {unknown}
 u - 3 scrolls of enchant armour {unknown}
 x - 2 scrolls of fog {unknown}
 y - 2 scrolls of magic mapping {unknown}
 D - 3 scrolls of amnesia {unknown}
 L - a scroll of acquirement {unknown}
 M - 2 scrolls of fear {unknown}
Potions
 e - a potion of magic
 g - 3 potions of cancellation
 i - 5 potions of berserk rage
 j - 3 potions of ambrosia
 k - 4 potions of curing {unknown}
 m - 5 potions of lignification
 q - 8 potions of stabbing {unknown}
 s - a potion of mutation
 t - 2 potions of flight {unknown}
 v - 2 potions of degeneration {unknown}
 w - a potion of haste
 A - 3 potions of brilliance {unknown}
 B - 2 potions of might {unknown}
Comestibles
 c - 22 rations
 F - a chunk of flesh


   Skills:
 - Level 2.4 Dodging
 - Level 2.4 Stealth
 - Level 15.0 Spellcasting
 - Level 8.0 Conjurations
 + Level 1.0 Translocations
 + Level 14.6 Fire Magic
 - Level 0.4 Ice Magic
 + Level 0.8 Earth Magic


You had 21 spell levels left.
You knew the following spells:

 Your Spells              Type           Power        Failure   Level  Hunger
a - Foxfire               Conj/Fire      ####         1%          1    None
b - Conjure Flame         Conj/Fire      ######..     1%          3    None
c - Sticky Flame          Conj/Fire      ######..     1%          4    None
d - Blink                 Tloc           N/A          3%          2    None
e - Fireball              Conj/Fire      ######....   1%          5    ##.....
f - Freeze                Ice            ###.         1%          1    None
g - Stone Arrow           Conj/Erth      #####.       1%          3    None

Your spell library contained the following spells:

 Spells                   Type           Power        Failure   Level  Hunger
 Lee's Rapid Deconstruct  Erth           ###.......   16%         5    ##.....
 Magic Dart               Conj           ####         1%          1    None
 Inner Flame              Hex/Fire       ######..     1%          3    None
 Mephitic Cloud           Conj/Pois/Air  ####....     1%          3    None
 Call Imp                 Summ           ###.....     4%          2    None
 Slow                     Hex            ###.....     4%          2    None
 Irradiate                Conj/Tmut      #####.....   4%          5    ##.....
 Hydra Form               Tmut           ###.......   99%         6    ####...
 Statue Form              Tmut/Erth      ###......    99%         6    ####...
 Dragon Form              Tmut           ###.......   100%        7    ######.


Dungeon Overview and Level Annotations

Branches:
Dungeon (11/15)            Temple (1/1) D:4            Lair (0/6) D:8
    Orc: D:9-12

Altars:
Ashenzari
Cheibriados
Dithmenos
Elyvilon
Fedhas
Gozag
Hepliaklqana
Kikubaaqudgha
Makhleb
Nemelex Xobeh
Okawaru
Qazlal
Ru
Sif Muna
Uskayaw
Vehumet
Xom
Yredelemnul
Zin
The Shining One

Shops:
D:7 ?

Annotations:
D:2 1 runed translucent door, Crazy Yiuf
D:7 3 runed translucent doors, bmj180's ghost, novice DrCj
D:11 exclusion: obsidian statue


Message History

The gargoyle is lightly damaged.
The gargoyle hurls a stone arrow at you.
The stone arrow hits you!!
* * * LOW HITPOINT WARNING * * *
Casting: Foxfire (safe; 1% risk of failure)
Confirm with . or Enter, or press ? or * to list all spells.
You conjure some foxfire!
The foxfire hits the gargoyle.
The gargoyle is moderately damaged.
The foxfire hits the gargoyle.
The gargoyle is moderately damaged.
Unknown command.
Unknown command.
Unknown command.
The foxfire hits the gargoyle but does no damage.
The gargoyle is moderately damaged.
The foxfire hits the gargoyle but does no damage.
The gargoyle is moderately damaged.
The gargoyle hurls a stone arrow at you.
The stone arrow hits you!!
You die...

..5..............
.................
........((.......
.......=Z.(......
.................
#######[....#####
#[.§9.# #)§...#
#§@§..# #(§...#
#######


You could see a gargoyle and a bullfrog zombie.

Vanquished Creatures
  A hydra (D:10)
  4 two-headed ogres
  Erica (D:10)
  An unseen horror (D:10)
  Maurice (D:11)
  Joseph (D:10)
  A centaur zombie (D:10)
  Maggie (D:7)
  2 trolls
  Grinder (D:4)
  A hornet (D:10)
  Sigmund (D:3)
  2 hippogriffs
  A spriggan (D:9)
  11 yaks
  A vampire (D:11)
  Grum (D:8)
  2 hungry ghosts
  A steam dragon (D:11)
  Edmund (D:4)
  A hornet zombie (D:10)
  4 orc warriors
  A black bear (D:9)
  3 ice beasts
  An eye of draining (D:10)
  A sky beast (D:8)
  4 phantoms
  5 ogres
  3 wolves (D:8)
  10 centaurs
  2 crocodiles
  6 bullfrogs
  Blork the orc (D:3)
  A gnoll sergeant (D:5)
  A scorpion (D:4)
  7 killer bees
  6 howler monkeys
  A bullfrog zombie (D:6)
  3 crimson imps
  2 quasits (D:8)
  3 hounds
  2 centaur skeletons (D:9)
  9 orc priests
  2 jellies (D:9)
  13 orc wizards
  3 bullfrog skeletons
  8 worker ants
  2 killer bee zombies
  A hound zombie (D:9)
  A hound skeleton (D:4)
  A worker ant zombie (D:8)
  13 adders
  16 gnolls
  A howler monkey skeleton (D:5)
  4 shadow imps
  An adder zombie (D:6)
  2 worms (D:2)
  3 dart slugs
  2 leopard geckos
  52 orcs
  4 giant cockroaches
  2 gnoll zombies (D:2)
  6 goblins
  10 hobgoblins
  4 jackals
  6 quokkas
  3 bats
  6 frilled lizards
  5 kobolds
  2 quokka skeletons
  A quokka zombie (D:8)
  12 rats
299 creatures vanquished.

Vanquished Creatures (collateral kills)
  A dart slug (D:1)
  3 orcs
4 creatures vanquished.

Vanquished Creatures (others)
  1413 foxfires
  2 plants (D:8)
1415 creatures vanquished.

Grand Total: 1718 creatures vanquished

Notes
Turn   | Place    | Note
-------+----------+-------------------------------------------
     0 | D:1      | gruber the Deep Elf Fire Elementalist began the quest for
                  | the Orb.
     0 | D:1      | Reached XP level 1. HP: 10/10 MP: 6/6
   434 | D:1      | Reached XP level 2. HP: 15/15 MP: 4/8
  1128 | D:2      | Reached XP level 3. HP: 19/19 MP: 6/10
  1379 | D:2      | Reached skill level 4 in Spellcasting
  1739 | D:2      | Reached XP level 4. HP: 24/24 MP: 8/12
  1797 | D:2      | Found a runed translucent door.
  1798 | D:2      | Noticed Crazy Yiuf
  1805 | D:2      | Learned a level 3 spell: Conjure Flame
  1810 | D:2      | Learned a level 4 spell: Sticky Flame
  2090 | D:2      | Found a basalt altar of Yredelemnul.
  2325 | D:3      | Noticed Sigmund
  2335 | D:3      | Killed Sigmund
  2335 | D:3      | Reached skill level 5 in Spellcasting
  2335 | D:3      | Reached skill level 5 in Fire Magic
  2335 | D:3      | Reached XP level 5. HP: 23/28 MP: 4/15
  2485 | D:3      | Found a sparkling altar of Nemelex Xobeh.
  2526 | D:3      | Reached XP level 6. HP: 32/32 MP: 12/16
  2779 | D:3      | Reached skill level 6 in Spellcasting
  3460 | D:4      | Noticed Grinder
  3548 | D:4      | Found a hazy altar of Hepliaklqana.
  3548 | D:4      | Noticed Blork the orc
  3688 | D:3      | Killed Blork the orc
  3869 | D:4      | Paralysed by Grinder for 2 turns
  3875 | D:3      | Reached XP level 7. HP: 26/36 MP: 11/18
  4096 | D:4      | Noticed Edmund
  4168 | D:4      | Killed Grinder
  4168 | D:4      | Reached skill level 7 in Spellcasting
  4168 | D:4      | Reached skill level 5 in Conjurations
  4289 | D:3      | Learned a level 2 spell: Blink
  4295 | D:3      | Learned a level 5 spell: Fireball
  4389 | D:4      | Killed Edmund
  4586 | D:4      | Reached skill level 8 in Spellcasting
  4611 | D:4      | Reached XP level 8. HP: 41/41 MP: 17/22
  4687 | D:4      | Noticed a hippogriff
  4694 | D:4      | Killed a hippogriff
  4755 | D:4      | Found a shimmering altar of Xom.
  4755 | D:4      | Found a shimmering altar of Xom.
  4756 | D:4      | Found a shimmering altar of Xom.
  4765 | D:4      | Found a shimmering altar of Xom.
  5110 | D:4      | Found a staircase to the Ecumenical Temple.
  5142 | D:4      | Reached skill level 9 in Spellcasting
  5158 | Temple   | Entered the Ecumenical Temple
  5404 | Temple   | Became a worshipper of Vehumet
  5605 | D:5      | Entered Level 5 of the Dungeon
  5688 | D:5      | Reached skill level 1 in Translocations
  6020 | D:5      | Reached * piety under Vehumet
  6020 | D:5      | Offered knowledge of Freeze by Vehumet.
  6298 | D:5      | Reached skill level 10 in Spellcasting
  6368 | D:5      | Reached XP level 9. HP: 45/45 MP: 11/25
  6463 | D:5      | Found a sacrificial altar of Ru.
  6565 | D:5      | Found a snail-covered altar of Cheibriados.
  6684 | D:5      | Found a glowing silver altar of Zin.
  6826 | D:5      | Found a sparkling altar of Nemelex Xobeh.
  7455 | D:6      | Learned a level 1 spell: Freeze
  7619 | D:6      | Reached ** piety under Vehumet
  7619 | D:6      | Offered knowledge of Sandblast by Vehumet.
  8277 | D:7      | Found a runed translucent gate.
  8277 | D:7      | Found a runed translucent gate.
  8277 | D:7      | Found a runed translucent gate.
  8277 | D:7      | Noticed Maggie
  8286 | D:7      | Killed Maggie
  8286 | D:7      | Reached skill level 11 in Spellcasting
  8411 | D:7      | Found Janequru's Magic Scroll Shoppe.
  8437 | D:7      | Bought a scroll of identify for 24 gold pieces
  8437 | D:7      | Bought a scroll of identify for 24 gold pieces
  8437 | D:7      | Bought a scroll of remove curse for 36 gold pieces
  8437 | D:7      | Bought a scroll of identify for 24 gold pieces
  8468 | D:7      | Noticed bmj180's ghost (novice DrCj)
  9068 | D:7      | Found a glowing golden altar of the Shining One.
  9142 | D:7      | Found an iron altar of Okawaru.
  9525 | D:8      | Noticed a two-headed ogre
  9533 | D:8      | Killed a two-headed ogre
  9533 | D:8      | Reached skill level 12 in Spellcasting
  9533 | D:8      | Reached XP level 10. HP: 50/50 MP: 11/28
  9632 | D:8      | Offered knowledge of Stone Arrow by Vehumet.
  9663 | D:8      | Learned a level 3 spell: Stone Arrow
  9778 | D:8      | Got a jewelled ring mail
  9779 | D:8      | Identified the +2 ring mail "Jabrunom" {Str-2 Int+2 Dex+3}
                  | (You found it on level 8 of the Dungeon)
  9821 | D:8      | Found a burning altar of Makhleb.
  9940 | D:8      | Reached skill level 10 in Fire Magic
 10115 | D:8      | Noticed Grum
 10201 | D:8      | Killed Grum
 10428 | D:8      | Reached *** piety under Vehumet
 10679 | D:8      | Found a stormy altar of Qazlal.
 10679 | D:8      | Noticed a two-headed ogre
 10691 | D:8      | Killed a two-headed ogre
 10691 | D:8      | Reached skill level 13 in Spellcasting
 11135 | D:8      | Found a staircase to the Lair.
 11393 | D:9      | Offered knowledge of Hailstorm by Vehumet.
 11782 | D:9      | Reached skill level 14 in Spellcasting
 11826 | D:9      | Noticed a two-headed ogre
 11829 | D:9      | Killed a two-headed ogre
 11971 | D:9      | Reached XP level 11. HP: 30/54 MP: 11/31
 12221 | D:9      | Found an ancient bone altar of Kikubaaqudgha.
 12352 | D:9      | Found a blossoming altar of Fedhas.
 12508 | D:9      | Reached **** piety under Vehumet
 13015 | D:10     | Entered Level 10 of the Dungeon
 13015 | D:10     | Noticed a seven-headed hydra
 13021 | D:10     | Killed a seven-headed hydra
 13096 | D:10     | Noticed Joseph
 13100 | D:10     | Killed Joseph
 13100 | D:10     | Reached skill level 15 in Spellcasting
 13620 | D:10     | Offered knowledge of Lee's Rapid Deconstruction by Vehumet.
 13922 | D:10     | Killed an unseen horror
 14178 | D:10     | Noticed Erica
 14181 | D:10     | Killed Erica
 14528 | D:11     | Noticed a two-headed ogre
 14714 | D:11     | Noticed Maurice
 14880 | D:11     | Killed a two-headed ogre
 14892 | D:11     | Killed Maurice
 14900 | D:11     | Noticed a two-headed ogre
 15045 | D:11     | Noticed an obsidian statue
 15370 | D:11     | Killed from afar by a gargoyle

Illustrated notes

Levels and vault maps discovered:
D:1:      heliophobic_arrival_glass_houses, layout_basic, chequers_mini_garden,
          minmay_pentomino_z2
D:2:      layout_loops_cross, lemuel_zombie_altar_yredelemnul, minivault_19,
          st_stairs_6, minmay_circle_x, uniq_crazy_yiuf_cottage
D:3:      layout_basic, lemuel_round_altar, st_stairs_9, minivault_25,
          grunt_ministairs_4, kennysheep_generic_room_3, uniq_sigmund
D:4:      layout_rooms, xom_redecorated, lemuel_crystal_altar,
          minmay_temple_entry_antechambers, serial_rivers,
          chequers_serial_rivers_micro_d, chequers_serial_rivers_room_b,
          chequers_serial_rivers_small_a, chequers_serial_rivers_large_b,
          chequers_serial_rivers_large_a, first_ration, wad_rectangle_vault,
          uniq_edmund, uniq_grinder, uniq_blork_the_orc
D:5:      layout_basic, zin_scriptorium,
          chequers_temple_overflow_statue_of_worship,
          nemelex_diamond_rough_becter
D:6:      layout_loops_cross
D:7:      layout_rooms, okawaru_altar_gauntlet_db,
          nicolae_overflow_hidden_temple, gammafunk_ghost_icy, serial_shops,
          shop, minmay_increasing_density, uniq_maggie
D:8:      layout_basic, nicolae_qazlal_eye_of_the_storm, david_lair_shrubbed,
          basic_altar, uniq_grum
D:9:      layout_grid_maze, overflow_temple_1_default, basic_altar, the_bakery,
          mrwooster_statue_mirror
D:10:     layout_roguey, amethyst_killhole, nicolae_sextant, uniq_erica,
          uniq_joseph
D:11:     layout_gridville, basic_altar, minivault_16,
          statue_in_the_mist_lemuel, grunt_ministairs_2, uniq_sonja,
          uniq_maurice
Temple:   minmay_temple_curvy_loop

Skill      XL: |  1  2  3  4  5  6  7  8  9 10 11 |
---------------+----------------------------------+-----
Fire Magic     | 4 5 6 7 9 11 14 | 14.6
Spellcasting   | 4 5 6 8 10 12 14 15 | 15.0
Conjurations   | 2 3 4 5 6 8 |  8.0
Translocations | 1 |  1.0
Dodging        | |  2.4
Stealth        | |  2.4
Ice Magic      | |  0.4
Earth Magic    | |  0.8

Action                   |  1- 3 |  4- 6 |  7- 9 | 10-12 || total
-------------------------+-------+-------+-------+-------++-------
Melee: Unarmed           |     4 |     3 |     1 |     3 ||    11
 Cast: Foxfire           |    86 |    85 |   464 |   379 ||  1014
       Conjure Flame     |       |     2 |     2 |     2 ||     6
       Blink             |       |       |     4 |       ||     4
       Sticky Flame      |       |       |     8 |    20 ||    28
       Freeze            |       |       |     2 |     6 ||     8
       Fireball          |       |       |       |    47 ||    47
       Stone Arrow       |       |       |       |     6 ||     6
  Use: Scroll            |       |       |     7 |     1 ||     8
  Eat: Chunk             |     2 |     7 |    17 |    14 ||    40
       Ration            |       |       |       |     2 ||     2
Armor: Robe              |     1 |     6 |     7 |     4 ||    18
       Steam dragon scal |       |       |     1 |    15 ||    16
Dodge: Dodged            |     9 |    40 |    50 |    74 ||   173

Table legend:
 A = Non-vault XP
 B = Vault XP
 C = Vault XP percentage of total XP
 D = Non-vault monster count
 E = Vault monster count
 F = Vault count percentage of total count
                 A         B        C        D         E       F
            +---------+---------+-------+---------+---------+-------
      Total |   17247 |    4569 |  20.9 |     257 |      46 |  15.2
            +---------+---------+-------+---------+---------+-------
        D:1 |      34 |       3 |   8.1 |      13 |       2 |  13.3
        D:2 |      46 |      27 |  37.0 |      14 |       8 |  36.4
        D:3 |     196 |     491 |  71.5 |      21 |       8 |  27.6
        D:4 |     307 |     860 |  73.7 |      23 |       6 |  20.7
        D:5 |    1008 |       0 |   0.0 |      41 |       0 |   0.0
        D:6 |     885 |       0 |   0.0 |      27 |       0 |   0.0
        D:7 |     283 |     588 |  67.5 |      10 |      14 |  58.3
        D:8 |    3196 |     540 |  14.5 |      31 |       4 |  11.4
        D:9 |    3333 |     234 |   6.6 |      33 |       1 |   2.9
       D:10 |    4282 |    1341 |  23.8 |      21 |       2 |   8.7
       D:11 |    3677 |     485 |  11.7 |      23 |       1 |   4.2
            +---------+---------+-------+---------+---------+-------
